 Dungeon Crawl Stone Soup version 0.31-a0-1424-g2add1c7226 (webtiles) character file.

Game seed: 10603389116977175746

126 porpoise the Shooter (level 4, 0/37 HPs)
             Began as a Minotaur Hexslinger on Dec 27, 2023.
             Slain by an orc
             ... wielding a +0 trident
              (4 damage)
             ... on level 3 of the Dungeon.
             The game lasted 00:05:04 (2344 turns).

porpoise the Shooter (Minotaur Hexslinger)          Turns: 2344, Time: 00:05:05

Health: 0/37       AC:  5    Str: 12    XL:     4   Next: 83%
Magic:  5/5        EV: 11    Int: 10    God:
Gold:   72         SH:  0    Dex: 15    Spells: 6/6 levels left

rFire   . . .        b - +2 short sword (drain)
rCold   . . .        (no shield)
rNeg    . . .        i - +0 ring mail
rPois   .            (helmet restricted)
rElec   .            (no cloak)
rCorr   .            (no gloves)
SInv    .            (no boots)
Will    .....        (no amulet) Stlth
                     (no ring)
HPRegen 0.26/turn    (no ring)
MPRegen 0.09/turn

%: no passive effects
@: confused
A: horns 2, retaliatory headbutt
a: no special abilities


You were on level 3 of the Dungeon.
You visited 1 branch of the dungeon, and saw 5 of its levels.

You collected 72 gold pieces.

Inventory:

Hand Weapons
 a - a +1 sling
 b - a +2 short sword of draining (weapon)
 c - a +0 war axe
Missiles
 k - 3 javelins
Armour
 i - a +0 ring mail (worn)
Scrolls
 e - a scroll of blinking
 f - a scroll of poison
 h - a scroll of brand weapon {unknown}
 l - 2 scrolls of identify {unknown}
 n - a scroll of teleportation {unknown}
Potions
 d - a potion of mutation {unknown}
 g - a potion of resistance {unknown}
 j - a potion of enlightenment {unknown}
 m - a potion of degeneration {unknown}
 o - a potion of haste {unknown}
 p - a potion of lignification {unknown}


   Skills:
 + Level 2.5 Fighting
 * Level 3.9 Ranged Weapons
 + Level 2.2 Armour
 - Level 2.1 Dodging
 + Level 1.6 Spellcasting
 - Level 2.0 Hexes
 - Level 0.6 Fire Magic


You had 6 spell levels left.
You didn't know any spells.
Your spell library contained the following spells:

 Spells                   Type           Power      Damage    Failure   Level
 Jinxbite                 Hex            8%         N/A       43%         2
 Sigil of Binding         Hex            4%         N/A       67%         3
 Inner Flame              Hex/Fire       3%         N/A       77%         3
 Dazzling Flash           Conj/Hex       4%         N/A       80%         3
 Volatile Blastmotes      Fire/Tloc      2%         2d10      88%         3
 Cause Fear               Hex            2%         N/A       97%         4
 Dimensional Bullseye     Hex/Tloc       1%         N/A       99%         4
 Starburst                Conj/Fire      0%         6d3       100%        6
 Maxwell's Capacitive Co  Air            0%         ∞         100%        8


Dungeon Overview and Level Annotations

Branches:
Dungeon (5/15)
 Temple: D:4-7

Altars:

Annotations:
D:3 3 runed translucent doors, Curundu's ghost, amateur MiBe


Innate Abilities, Weirdness & Mutations

You have a pair of horns on your head.
You reflexively headbutt those who attack you in melee.


Message History

You are too injured to fight recklessly!
You are too injured to fight recklessly!
Unknown command.
You are too injured to fight recklessly!
You are too injured to fight recklessly!
You barely miss the orc wizard. Your headbutt misses the orc wizard.
The orc barely misses you.
The orc wizard hits you but does no damage.
The orc wizard attacks as it pursues you!
The orc wizard closely misses you. You furiously retaliate!
You headbutt the orc wizard. You hit the orc wizard. You drain the orc wizard.
Your headbutt misses the orc wizard.
The orc wizard is heavily wounded.
The orc wizard closely misses you.
You hit the orc wizard.
The orc wizard is severely wounded.
The orc closely misses you.
The orc wizard mumbles some strange words.
The orc wizard flickers and vanishes!
Deactivating autopickup; reactivate with Ctrl-A.
You miss something. Your headbutt misses something.
Your punch misses something. The orc barely misses you.
You hear some strange, mumbled words.
You are confused.
You bump into the rock wall.
The orc hits you but does no damage. Something hits you but does no damage.
You bump into the rock wall.
The orc closely misses you. Something hits you.
You bump into the rock wall.
The orc hits you from afar with a +0 trident.
* * * LOW HITPOINT WARNING * * *
Something hits you.
* * * LOW HITPOINT WARNING * * *
You bump into the rock wall.
The orc hits you from afar with a +0 trident.
* * * LOW HITPOINT WARNING * * *
Something hits you but does no damage.
You closely miss something. Your headbutt misses something.
The orc hits you from afar with a +0 trident.
You die...

#.##.# ##......#..#
..... ##.......##..
#...####.........#..
.......'.........##.
#gg.# #..........#.
#og# #.........##
#.# ##.....#...#
#o##### ##...##.#..
#.{@..# ##'###....
#####.# ###.######.
#.# #......# #. #.#
#.#.##.# #. #.#
#....#.###. #.#
#...#......
#.####...(#.####
#......#.##.#
######.####.#


You could see an orc.

Vanquished Creatures
  A hound (D:4)
  2 adders
  A shadow imp (D:4)
  A worm (D:3)
  2 dart slugs
  9 orcs (D:3)
  4 endoplasms
  A giant cockroach (D:3)
  5 hobgoblins
  3 ball pythons
  2 bats (D:1)
  3 frilled lizards
  4 goblins
  7 kobolds
  14 rats
59 creatures vanquished.

Notes
Turn   | Place    | Note
-------+----------+-------------------------------------------
     0 | D:1      | porpoise the Minotaur Hexslinger began the quest for the
                  | Orb.
     0 | D:1      | Reached XP level 1. HP: 16/16 MP: 1/1
   306 | D:1      | Reached XP level 2. HP: 23/23 MP: 2/2
   814 | D:2      | Reached skill level 1 in Armour
   931 | D:2      | Reached skill level 3 in Ranged Weapons
   941 | D:2      | Reached XP level 3. HP: 25/29 MP: 3/3
  1485 | D:3      | You fall into a shaft and drop 2 floors!
  1485 | D:5      | Entered Level 5 of the Dungeon
  1488 | D:5      | Noticed a scorpion
  1555 | D:4      | Reached XP level 4. HP: 21/37 MP: 5/5
  1960 | D:3      | Noticed Curundu's ghost (amateur MiBe)
  2268 | D:3      | Found a runed translucent gate.
  2268 | D:3      | Found a runed translucent gate.
  2268 | D:3      | Found a runed translucent gate.
  2344 | D:3      | Slain by an orc

Illustrated notes

Levels and vault maps discovered:
D:1:      psy_arrival_radial02, layout_basic
D:2:      layout_rooms, minmay_rat_gold_closets
D:3:      layout_loops_corners, gammafunk_ghost_icy
D:4:      nicolae_cairo_tiling_large, layout_cave_pools,
          mainiacjoe_overflow_boulevard, kennysheep_little_box, minivault_23,
          uniq_blork_the_orc
D:5:      layout_rooms, mainiacjoe_overflow_alcove_2

Skill      XL: |  1  2  3 |
---------------+----------+-----
Armour         | 1 2 |  2.2
Ranged Weapons | 3 |  3.9
Fighting       | 2 |  2.5
Dodging        | |  2.1
Spellcasting   | |  1.6
Hexes          | |  2.0
Fire Magic     | |  0.6

Action                     |  1- 3 |  4- 6 || total
---------------------------+-------+-------++-------
  Melee: Hand axe          |    49 |    10 ||    59
         Headbutt          |     7 |     2 ||     9
         Short sword       |       |     9 ||     9
         War axe           |       |     8 ||     8
   Fire: Sling             |    67 |    19 ||    86
    Use: Scroll            |     1 |       ||     1
 Armour: Robe              |     3 |       ||     3
         Ring mail         |    46 |    31 ||    77
  Dodge: Dodged            |    51 |    25 ||    76

Table legend: (Time is in decaauts)
 A = Elapsed time spent in this place.
 B = Non-inter-level travel time spent in this place.
 C = Inter-level travel time spent in this place.
 D = Time resting spent in this place.
 E = Time spent auto-exploring this place.
 F = Levels seen in this place.
 G = Mean time per level.
                   A        B        C        D        E       F      G
               +--------+--------+--------+--------+--------+-----+--------+
         Total |   2372 |   2335 |     37 |    307 |   1602 |   5 |  474.4 |
       Dungeon |   2372 |   2335 |     37 |    307 |   1602 |   5 |  474.4 |
               +--------+--------+--------+--------+--------+-----+--------+

Top non-repeatable levels by time:
     D:3: 819 daAuts
     D:1: 751 daAuts
     D:2: 662 daAuts
     D:4: 126 daAuts
     D:5: 12 daAuts
